 Dungeon Crawl Stone Soup version 0.26.1-2-gb8aa6d0cf2 (webtiles) character file.

Game seed: 8092213673388406053

84 DearestLeader the Sneak (level 4, -3/21 HPs)
             Began as a Spriggan Enchanter on Mar 19, 2021.
             Slain by a gnoll
             ... wielding a +0 whip
              (8 damage)
             ... on level 2 of the Dungeon.
             The game lasted 00:04:11 (1975 turns).

DearestLeader the Sneak (Spriggan Enchanter)        Turns: 1975, Time: 00:04:11

Health: -3/21      AC:  9    Str:  4    XL:     4   Next: 23%
Magic:  2/9        EV: 18    Int: 17    God:
Gold:   62         SH:  0    Dex: 16    Spells: 5/8 levels left

rFire    . . .     SeeInvis +   c - +1 dagger (protect)
rCold    . . .     Faith    .   (shield restricted)
rNeg     . . .     Spirit   .   b - +0 robe
rPois    .         Reflect  .   (helmet restricted)
rElec    .         Harm     .   (no cloak)
rCorr    .         Rampage  .   (gloves unavailable)
Will     .....                  (boots unavailable)
Stlth    +++.......             (no amulet)
HPRegen  0.07/turn              (no ring)
MPRegen  0.11/turn              (no ring)

@: protection aura, very slightly contaminated, very quick
A: very small, unfitting armour, see invisible, speed 3
a: no special abilities


You were on level 2 of the Dungeon.
You visited 1 branch of the dungeon, and saw 2 of its levels.

You collected 62 gold pieces.

Inventory:

Hand Weapons
 a - a +1 dagger
 c - a +1 dagger of protection (weapon)
Armour
 b - a +0 robe (worn)
Scrolls
 f - a scroll of fog
 h - a scroll of amnesia {unknown}
 i - a scroll of identify
 j - a scroll of immolation {unknown}
 k - a scroll of enchant weapon {unknown}
 l - a scroll of remove curse {unknown}
Potions
 d - a potion of mutation {unknown}
 e - a potion of curing
 g - a potion of berserk rage {unknown}


   Skills:
 * Level 3.5 Short Blades
 - Level 3.0 Dodging
 + Level 5.6 Stealth
 - Level 2.6 Spellcasting
 - Level 4.0 Hexes


You had 5 spell levels left.
You knew the following spells:

 Your Spells              Type           Power        Failure   Level
a - Corona                Hex            16%          3%          1
b - Ensorcelled Hibernat  Hex/Ice        18%          12%         2

Your spell library contained the following spells:

 Spells                   Type           Power        Failure   Level
 Confusing Touch          Hex            15%          11%         3
 Tukima's Dance           Hex            15%          11%         3
 Dazzling Flash           Conj/Hex       18%          24%         3


Dungeon Overview and Level Annotations

Branches:
Dungeon (2/15)

Altars:


Innate Abilities, Weirdness & Mutations

You are very small and have problems with some larger weapons.
You are too small for most types of armour.
You have supernaturally acute eyesight. (SInv)
You cover ground extremely quickly.


Message History

The gnoll barely misses you. The gnoll hits you but does no damage.
The gnoll completely misses you.
You closely miss the gnoll.
The gnoll is lightly wounded.
The gnoll closely misses you.
You hit the gnoll but do no damage.
The gnoll is lightly wounded.
The gnoll hits you from afar with a +1 vorpal spear.
The gnoll hits you with a +0 whip.
* * * LOW HITPOINT WARNING * * *
You closely miss the gnoll.
The gnoll is lightly wounded.
The gnoll closely misses you.
You hit the gnoll but do no damage.
The gnoll is lightly wounded.
The gnoll misses you. x2
You hit the gnoll but do no damage.
The gnoll is lightly wounded.
The gnoll hits you with a +0 whip!
You die...

.....### ...# #..# ## ##.#...#
..# #.###... ... .... .
#####...##..###.# #.#.##.
###......###....#.# #......
##.?.##g# ##...#...#####
#.#..###...gg.@# #.....##.....#
#....##...########.....#.......
####.......## ###..........[.....
#.......†.## ##..†...............
..#..#.#g.####...###.........[...
###.............####.............
........###......?##.............
#######.# ####.##................
#######.######.######.....#[.[..#


You could see 3 gnolls.

Vanquished Creatures
  2 gnolls
  An adder (D:2)
  An ooze (D:1)
  2 worms (D:2)
  A dart slug (D:2)
  A leopard gecko (D:1)
  2 bats (D:2)
  2 giant cockroaches (D:1)
  7 goblins
  6 hobgoblins
  4 jackals (D:1)
  6 frilled lizards
  A kobold (D:1)
  6 rats
42 creatures vanquished.

Notes
Turn   | Place    | Note
-------+----------+-------------------------------------------
     0 | D:1      | DearestLeader the Spriggan Enchanter began the quest for
                  | the Orb.
     0 | D:1      | Reached XP level 1. HP: 9/9 MP: 5/5
   599 | D:1      | Reached XP level 2. HP: 13/13 MP: 4/6
   607 | D:1      | Learned a level 2 spell: Ensorcelled Hibernation
  1184 | D:1      | Reached XP level 3. HP: 16/16 MP: 0/8
  1300 | D:1      | Reached skill level 5 in Stealth
  1863 | D:2      | Reached XP level 4. HP: 21/21 MP: 6/9
  1975 | D:2      | Slain by a gnoll

Illustrated notes

Levels and vault maps discovered:
D:1:      lightli_arrival_flooded_house, layout_basic
D:2:      layout_rooms, marbit_many_paths, chequers_ecumenical_altar_twisty,
          elyvilon_altar_4

Skill      XL: |  1  2  3 |
---------------+----------+-----
Short Blades   | 2 3 |  3.5
Hexes          | 4 |  4.0
Stealth        | 5 |  5.6
Dodging        | |  3.0
Spellcasting   | |  2.6

Action                   |  1- 3 |  4- 6 || total
-------------------------+-------+-------++-------
Melee: Dagger            |   121 |    31 ||   152
 Cast: Corona            |     9 |       ||     9
       Ensorcelled Hiber |    23 |     4 ||    27
  Use: Scroll            |       |     1 ||     1
       Potion            |       |     1 ||     1
 Stab: Sleeping          |    21 |     2 ||    23
Armor: Robe              |    15 |     7 ||    22
Dodge: Dodged            |    68 |    47 ||   115
